 Dungeon Crawl Stone Soup version 0.20.0-10-g0535bb4 (webtiles) character file.

133 mopl the Sneak (level 4, 0/37 HPs)
             Began as a Minotaur Assassin on June 6, 2017.
             Slain by Prince Ribbit (9 damage)
             ... on level 5 of the Dungeon.
             The game lasted 00:02:45 (2117 turns).

mopl the Sneak (Minotaur Assassin)                  Turns: 2117, Time: 00:02:46

Health: 0/37       AC:  4    Str: 15    XL:     4   Next: 93%
Magic:  3/3        EV:  5    Int:  8    God:
Gold:   137        SH:  0    Dex: 13    Spells: 3/3 levels left

rFire    . . .     SeeInvis .   a - +0 dagger (drain)
rCold    + . .     Gourm    .   (no shield)
rNeg     . . .     Faith    .   c - +0 robe
rPois    .         Spirit   .   (helmet restricted)
rElec    .         Reflect  .   d - +0 cloak
rCorr    .         Harm     .   l - +0 pair of gloves
MR       .....                  (no boots)
Stlth    ++........             (no amulet)
Regen    0.2/turn               u - -6 ring of evasion (curse)
MPRegen  0.1/turn               y - ring of protection from cold

@: drained
A: retaliatory headbutt, horns 2
a: no special abilities


You were on level 5 of the Dungeon.
You were not hungry.

You visited 1 branch of the dungeon, and saw 4 of its levels.

You collected 137 gold pieces.

Inventory:

Hand Weapons
 a - a +0 dagger of draining (weapon)
 b - a +0 blowgun
 r - a +0 hunting sling
Missiles
 e - 14 poisoned needles
 i - 56 stones (quivered)
Armour
 c - a +0 robe (worn)
 d - a +0 cloak (worn)
 l - a +0 pair of gloves (worn)
Jewellery
 u - a cursed -6 ring of evasion (left hand)
 y - a ring of protection from cold (right hand)
Scrolls
 h - 2 scrolls of amnesia {unknown}
 n - a scroll of enchant armour {unknown}
 o - a scroll of random uselessness {unknown}
 p - 2 scrolls of identify {unknown}
 q - a scroll of remove curse {unknown}
 s - a scroll of blinking {unknown}
 t - 3 scrolls of teleportation {unknown}
 v - a scroll of fog {unknown}
Potions
 j - a potion of degeneration {unknown}
 k - a potion of brilliance {unknown}
 w - a potion of flight {unknown}
 x - 3 potions of haste {unknown}
Comestibles
 g - 2 bread rations
 m - a royal jelly
 z - a meat ration
 A - 2 chunks of flesh


   Skills:
 - Level 2.4(1.7) Fighting
 + Level 3.2(2.5) Short Blades
 + Level 3.1(2.4) Throwing
 - Level 1.1(0.4) Dodging
 * Level 4.5(3.7) Stealth


You had 3 spell levels left.
You didn't know any spells.

Dungeon Overview and Level Annotations

Branches:
Dungeon (3/15)

Altars:
Fedhas

Annotations:
D:5 Prince Ribbit


Innate Abilities, Weirdness & Mutations

You reflexively headbutt those who attack you in melee.
You have a pair of horns on your head.


Message History

Firing (i - inventory. (,) - cycle):
e - 15 poisoned needles (quivered)
Press: ? - help, Shift-Dir - straight line, f/p - Prince Ribbit
Aim: Prince Ribbit (moderately wounded, slow, poisoned)
You shoot a poisoned needle.
The poisoned needle misses Prince Ribbit.
Prince Ribbit hits you!
You are too injured to fight recklessly!
You sense an unholy aura.
a - a +0 dagger of draining (weapon)
You miss Prince Ribbit.
Prince Ribbit is heavily wounded.
Prince Ribbit hits you but does no damage.
You closely miss Prince Ribbit.
Prince Ribbit is heavily wounded.
Prince Ribbit hits you.
* * * LOW HITPOINT WARNING * * *
You barely miss Prince Ribbit.
Prince Ribbit is heavily wounded.
Prince Ribbit hits you!
You die...

..#.#(#.#.#########
$........ #......#
##.#.#.## #.####.#
#....†..# #....#.#
###F#.#.## ####.#.#
#........######.#.#
#.#.#.#.###.....#.###
#.........#.#.......#
#.#.#>#.#(F@#.#######
#.......(##.#.#
..#.#.#.#...#.#
#####..######.# #..#
#.# ####..# #.#
#.....# #.# #.###.#
#.# #.....# #.#


You could see Prince Ribbit.

Vanquished Creatures
  A crimson imp (D:5)
  4 adders
  4 leopard geckos
  A ball python (D:1)
  A giant cockroach (D:1)
  2 goblins (D:2)
  5 hobgoblins
  11 jackals
  2 quokkas
  12 bats
  5 frilled lizards
  3 kobolds
  4 rats
55 creatures vanquished.

Notes
Turn   | Place    | Note
-------+----------+-------------------------------------------
     0 | D:1      | mopl the Minotaur Assassin began the quest for the Orb.
     0 | D:1      | Reached XP level 1. HP: 18/18 MP: 0/0
   155 | D:1      | Reached XP level 2. HP: 25/25 MP: 1/1
   522 | D:1      | Reached XP level 3. HP: 30/30 MP: 2/2
   886 | D:2      | Found a blossoming altar of Fedhas.
  1193 | D:2      | Reached skill level 4 in Stealth
  1549 | D:2      | Reached skill level 3 in Throwing
  1549 | D:2      | Reached XP level 4. HP: 33/37 MP: 3/3
  1785 | D:3      | You fall through a shaft for 2 floors!
  1785 | D:5      | Entered Level 5 of the Dungeon
  1811 | D:5      | Reached skill level 3 in Short Blades
  1835 | D:5      | Noticed Prince Ribbit
  2117 | D:5      | Slain by Prince Ribbit

Skill      XL: |  1  2  3  4 |
---------------+-------------+-----
Stealth        | 4 |  4.5
Throwing       | 3 |  3.1
Short Blades   | 3 |  3.2
Fighting       | |  2.4
Dodging        | |  1.1

Action                   |  1- 3 |  4- 6 || total
-------------------------+-------+-------++-------
Melee: Dagger            |    97 |    48 ||   145
       Headbutt          |     6 |     3 ||     9
 Fire: Hunting sling     |     3 |       ||     3
       Blowgun           |       |    14 ||    14
 Stab: Sleeping          |     7 |       ||     7
       Distracted        |       |     1 ||     1
  Eat: Chunk             |     2 |     2 ||     4
Armor: Robe              |    27 |    24 ||    51
Dodge: Dodged            |    50 |    14 ||    64
